 Dungeon Crawl Stone Soup version 0.29-a0-542-g075992c915 (webtiles) character file.

Game seed: 8546095568096671894

673 quokkamancerX the Archer (level 7, -5/75 HPs)
             Began as a Human Hunter on June 4, 2022.
             Slain by a gnoll
             ... wielding a +0 flail
              (8 damage)
             ... on level 5 of the Dungeon.
             The game lasted 00:10:24 (4457 turns).

quokkamancerX the Archer (Human Hunter)             Turns: 4457, Time: 00:10:24

Health: -5/75      AC: 23    Str: 11    XL:     7   Next: 90%
Magic:  7/7        EV:  2    Int:  9    God:
Gold:   200        SH:  0    Dex: 19    Spells: 6/6 levels left

rFire   . . .      SeeInvis .   a - +1 shortbow
rCold   . . .      Faith    .   (shield currently unavailable)
rNeg    . . .      Spirit   .   (body armour currently unavailable)
rPois   +          Reflect  .   (helmet currently unavailable)
rElec   .          Harm     .   (cloak currently unavailable)
rCorr   .          Rampage  .   (gloves currently unavailable)
Will    .....      NoTele   +   (boots currently unavailable)
Stlth   ++........              j - amulet of the acrobat
HPRegen 0.22/turn               (no ring)
MPRegen 0.10/turn               (no ring)

@: tree-form
A: stationary, stasis, torment immunity, boosted hp
a: no special abilities


You were on level 5 of the Dungeon.
You were a tree.
You visited 1 branch of the dungeon, and saw 6 of its levels.

You collected 200 gold pieces.

Inventory:

Hand Weapons
 a - a +1 shortbow (weapon)
Armour
 e - a +0 pair of boots (melded)
 m - a +0 ring mail (melded)
 r - a +0 helmet (melded)
Jewellery
 j - an amulet of the acrobat (around neck)
Wands
 t - a wand of iceblast (9)
Scrolls
 c - a scroll of immolation
 d - a scroll of magic mapping
 f - a scroll of blinking
 i - a scroll of fear {unknown}
 k - a scroll of vulnerability {unknown}
 l - 5 scrolls of teleportation
 p - a scroll of silence {unknown}
 q - a scroll of fog {unknown}
 u - a scroll of enchant weapon {unknown}
 v - a scroll of amnesia
Potions
 b - a potion of resistance
 g - 2 potions of curing
 h - 2 potions of mutation
 n - a potion of might
 s - 2 potions of flight


   Skills:
 - Level 2.0 Fighting
 + Level 9.1 Bows
 - Level 2.0 Dodging
 - Level 1.0 Stealth


You had 6 spell levels left.
You didn't know any spells.
Your spell library contained the following spells:

 Spells                   Type           Power      Damage    Failure   Level
 Dazzling Flash           Conj/Hex       0%         N/A       77%         3
 Agony                    Necr           0%         N/A       100%        5
 Silence                  Hex/Air        0%         N/A       100%        5
 Malign Gateway           Summ/Tloc      0%         N/A       100%        7
 Summon Horrible Things   Summ           0%         N/A       100%        8


Dungeon Overview and Level Annotations

Branches:
Dungeon (6/15)
 Temple: D:4-7

Altars:

Annotations:
D:5 exclusion: water moccasin


Message History

The gnoll closely misses you.
You climb upwards.
Level annotation: exclusion: water moccasin
There is a stone staircase leading down here.
Shoot: a) +1 shortbow
Press: ? - help, Q - select action, (/) - cycle Shift-Dir - straight line, f - adder
Aim: an adder (almost dead, 52% to hit)
You shoot an arrow. The arrow hits the adder!
You kill the adder!
The gnoll hits you with a +0 flail!
* * * LOW HITPOINT WARNING * * *
Shoot: a) +1 shortbow
Press: ? - help, Q - select action, (/) - cycle Shift-Dir - straight line, f - gnoll
Aim: a gnoll, wielding a +0 flail (70% to hit)
You shoot an arrow. The arrow hits the gnoll.
The gnoll is heavily wounded.
The gnoll hits you with a +0 flail.
* * * LOW HITPOINT WARNING * * *
Really quaff the potion of lignification?
You turn into a tree.
Your +0 helmet melds into your body.
Your +0 pair of boots melds into your body.
Your +0 ring mail melds into your body.
Your roots penetrate the ground.
The gnoll hits you but does no damage.
Really attack while wielding your +1 shortbow? [Y]es or [N]o only, please.
Really attack while wielding your +1 shortbow? [Y]es or [N]o only, please.
Really attack while wielding your +1 shortbow?
Okay, then.
Shoot: a) +1 shortbow
Press: ? - help, Q - select action, (/) - cycle Shift-Dir - straight line, f/p - gnoll
Aim: a gnoll, wielding a +0 flail (heavily wounded, 70% to hit)
You shoot an arrow. The arrow barely misses the gnoll.
The gnoll hits you but does no damage.
Shoot: a) +1 shortbow
Press: ? - help, Q - select action, (/) - cycle Shift-Dir - straight line, f/p - gnoll
Aim: a gnoll, wielding a +0 flail (heavily wounded, 70% to hit)
You shoot an arrow. The arrow closely misses the gnoll.
The gnoll hits you with a +0 flail!
You die...

##...##..#####.##..
#..#........##÷##.#
#<...##..##.##.##.#
#.#.###..##....##.#
#.#.###...........#
#.#......##.#######
#.#####..##.#
#...........#
#)♣#......).#
#†g#........##
#............##
##.#.......#..##
#.#......###..####
#.........#.......
#####.........####
##.#.....##
#.##...##


You could see a gnoll.

Vanquished Creatures
  A black bear (D:5)
  A phantom (D:5)
  2 necrophages
  A bullfrog (D:6)
  A howler monkey (D:4)
  2 hounds
  An orc priest (D:4)
  4 gnolls (D:5)
  6 adders
  A white imp (D:5)
  3 ufetubi (D:5)
  A worm (D:2)
  5 orcs
  6 ball pythons
  5 endoplasms
  3 giant cockroaches
  9 goblins
  2 hobgoblins
  8 jackals (D:2)
  2 quokkas
  5 bats
  6 frilled lizards
  6 kobolds
  3 rats (D:1)
84 creatures vanquished.

Notes
Turn   | Place    | Note
-------+----------+-------------------------------------------
     0 | D:1      | quokkamancerX the Human Hunter began the quest for the Orb.
     0 | D:1      | Reached XP level 1. HP: 16/16 MP: 1/1
   226 | D:1      | Reached XP level 2. HP: 22/22 MP: 2/2
   745 | D:1      | Reached XP level 3. HP: 27/27 MP: 3/3
   834 | D:2      | Reached skill level 5 in Bows
  1187 | D:2      | Reached XP level 4. HP: 33/33 MP: 4/4
  2215 | D:4      | Reached skill level 6 in Bows
  2215 | D:4      | Reached XP level 5. HP: 38/38 MP: 5/5
  2532 | D:4      | Reached XP level 6. HP: 40/44 MP: 6/6
  2877 | D:4      | Reached skill level 7 in Bows
  3179 | D:5      | Entered Level 5 of the Dungeon
  3268 | D:5      | Noticed a water moccasin
  3341 | D:5      | Noticed a black bear
  3349 | D:5      | Killed a black bear
  3350 | D:5      | Reached XP level 7. HP: 22/50 MP: 7/7
  3537 | D:5      | Reached skill level 8 in Bows
  4445 | D:6      | Reached skill level 9 in Bows
  4454 | D:5      | HP: 1/50 [gnoll/+0 flail (5)]
  4457 | D:5      | Slain by a gnoll

Illustrated notes

Levels and vault maps discovered:
D:1:      eino_arrival_cavern_d, layout_loops_cross
D:2:      layout_rooms, amethyst_killhole
D:3:      layout_loops_ring, nicolae_elevator_lobby_asterisk
D:4:      layout_basic, grunt_ministairs_5
D:5:      layout_loops_ring
D:6:      minmay_chambers_of_threes, layout_loops_ring

Skill      XL: |  1  2  3  4  5  6  7 |
---------------+----------------------+-----
Bows           | 5 6 7 9 |  9.1
Fighting       | |  2.0
Dodging        | |  2.0
Stealth        | |  1.0

Action                   |  1- 3 |  4- 6 |  7- 9 || total
-------------------------+-------+-------+-------++-------
 Fire: Shortbow          |    93 |   102 |    79 ||   274
  Use: Scroll            |       |     1 |     9 ||    10
       Potion            |       |       |     1 ||     1
Armor: Leather armour    |    18 |     2 |       ||    20
       Ring mail         |       |    15 |    25 ||    40
       Skin              |       |       |     2 ||     2
Dodge: Dodged            |    15 |    37 |    53 ||   105

Table legend: (Time is in decaauts)
 A = Elapsed time spent in this place.
 B = Non-inter-level travel time spent in this place.
 C = Inter-level travel time spent in this place.
 D = Time resting spent in this place.
 E = Time spent auto-exploring this place.
 F = Levels seen in this place.
 G = Mean time per level.
                   A        B        C        D        E       F      G
               +--------+--------+--------+--------+--------+-----+--------+
         Total |   4537 |   4366 |    171 |    559 |   3036 |   6 |  756.2 |
       Dungeon |   4537 |   4366 |    171 |    559 |   3036 |   6 |  756.2 |
               +--------+--------+--------+--------+--------+-----+--------+

Top non-repeatable levels by time:
     D:4: 1190 daAuts
     D:5: 1157 daAuts
     D:1: 835 daAuts
     D:3: 737 daAuts
     D:2: 585 daAuts
     D:6: 31 daAuts
